 Dungeon Crawl Stone Soup version 0.31-a0-1227-g0136665373 (webtiles) character file.

Game seed: 2841124813283314760

735 Hubris850 the Slasher (level 7, -1/60 HPs)
             Began as a Gnoll Cinder Acolyte on Dec 14, 2023.
             Was a High Priest of Ignis.
             Slain by a hound (2 damage)
             ... on level 6 of the Dungeon.
             The game lasted 00:16:10 (4447 turns).

Hubris850 the Slasher (Gnoll Cinder Acolyte)        Turns: 4447, Time: 00:16:11

Health: -1/60      AC:  3    Str: 14    XL:     7   Next: 74%
Magic:  12/13      EV: 12    Int: 15    God:    Ignis [*****.]
Gold:   195        SH:  0    Dex:  7    Spells: 12/14 levels left

rFire   + . .        d - +3 quarterstaff (chaos)
rCold   . . .        (shield currently unavailable)
rNeg    . . .        b - +0 robe
rPois   .            (no helmet)
rElec   .            i - +0 cloak
rCorr   .            (no gloves)
SInv    .            (no boots)
Will    .....        (no amulet)
Stlth   ++           (no ring)
HPRegen 0.30/turn    (no ring)
MPRegen 0.13/turn

%: no passive effects
@: no status effects
A: fangs 1, strong nose, distributed training
a: Renounce Religion, Fiery Armour, Foxfire Swarm, Rising Flame


You were on level 6 of the Dungeon.
You worshipped Ignis.
Ignis was extremely pleased with you.
You visited 1 branch of the dungeon, and saw 6 of its levels.

You collected 195 gold pieces.

Inventory:

Hand Weapons
 a - a -1 falchion of flaming
 d - a +3 quarterstaff of chaos (weapon)
 j - the +1 hammer of Autumn {venom, rElec rC++ Int+3 Stlth-}
   (You found it on level 2 of the Dungeon)

   Int+3:     It affects your intelligence (+3).
   rC++:      It greatly protects you from cold.
   rElec:     It insulates you from electricity.
   Stlth-:    It makes you less stealthy.
 o - a +0 whip of distortion
Armour
 b - a +0 robe (worn)
 i - a +0 cloak (worn)
 l - a +0 buckler
Wands
 c - a wand of polymorph (9)
Scrolls
 e - 2 scrolls of identify
 f - 2 scrolls of enchant weapon
 h - a scroll of teleportation
 m - a scroll of enchant armour {unknown}
 n - a scroll of fog {unknown}
 p - a scroll of amnesia {unknown}


   Skills:
 + Level 7.1 Fighting
 + Level 2.7 Short Blades
 + Level 7.1 Long Blades
 + Level 2.7 Axes
 + Level 2.7 Maces & Flails
 + Level 2.7 Polearms
 + Level 2.7 Staves
 + Level 2.7 Ranged Weapons
 + Level 2.7 Throwing
 + Level 2.7 Armour
 + Level 2.7 Dodging
 + Level 2.7 Stealth
 + Level 2.7 Shields
 + Level 2.7 Unarmed Combat
 + Level 4.0 Spellcasting
 + Level 2.2 Conjurations
 + Level 2.2 Hexes
 + Level 2.2 Summonings
 + Level 2.2 Necromancy
 + Level 2.2 Translocations
 + Level 2.2 Transmutations
 + Level 5.9 Fire Magic
 + Level 2.2 Ice Magic
 + Level 2.2 Air Magic
 + Level 2.2 Earth Magic
 + Level 2.2 Poison Magic
 + Level 3.0 Invocations
 + Level 2.7 Evocations
 + Level 2.4 Shapeshifting


You had 12 spell levels left.
You knew the following spells:

 Your Spells              Type           Power      Damage    Failure   Level
a - Scorch                Fire           40%        2d6       2%          2

Your spell library contained the following spells:

 Spells                   Type           Power      Damage    Failure   Level
 Iskenderun's Battlesphe  Conj           9%         2d6       90%         5
 Bombard                  Conj/Erth      4%         9d2       100%        6
 Haunt                    Necr/Summ      4%         N/A       100%        7
 Spellforged Servitor     Conj/Summ      4%         N/A       100%        7
 Borgnjor's Revivificati  Necr           4%         N/A       100%        8
 Death's Door             Necr           4%         N/A       100%        9


Dungeon Overview and Level Annotations

Branches:
Dungeon (6/15)
 Temple: D:4-7

Altars:

Shops:
D:5 (

Annotations:
D:4 Dowan, Duvessa


Innate Abilities, Weirdness & Mutations

You have very sharp teeth.
Your uncanny sense of smell can sniff out nearby items.
Your experience applies equally to all skills.


Message History

You closely miss the jackal. You bite the jackal.
The jackal is moderately wounded.
The jackal bites you but does no damage.
The hound closely misses you. The ufetubus completely misses you.
The ufetubus closely misses you. The jackal barely misses you.
The jackal misses you. The hound misses you.
You hit the jackal but do no damage.
The jackal is moderately wounded.
The ufetubus barely misses you. x2; The jackal bites you.
* * * LOW HITPOINT WARNING * * *
The hound misses you. The jackal barely misses you.
The ufetubus closely misses you. x2; The jackal barely misses you.
You sock the gnoll! You freeze the gnoll.
You kill the gnoll!
The hound bites you.
* * * LOW HITPOINT WARNING * * *
The jackal closely misses you. The ufetubus misses you. The ufetubus hits you.
* * * LOW HITPOINT WARNING * * *
The jackal misses you. The hound bites you.
* * * LOW HITPOINT WARNING * * *
The jackal barely misses you. The ufetubus closely misses you.
The ufetubus hits you.
* * * LOW HITPOINT WARNING * * *
The jackal bites you.
* * * LOW HITPOINT WARNING * * *
Items here: )) [ †.
You closely miss the hound. You bite the hound, but do no damage.
Your attacks no longer feel as feeble.
The jackal bites you but does no damage.
The ufetubus hits you but does no damage.
The ufetubus hits you.
* * * LOW HITPOINT WARNING * * *
The hound bites you but does no damage. The ufetubus hits you.
* * * LOW HITPOINT WARNING * * *
The ufetubus hits you but does no damage.
The jackal bites you.
* * * LOW HITPOINT WARNING * * *
Unknown command.
You closely miss the hound. The hound bites you.
You die...

..###...#.........
.. #
#.................
##.#.#............
######..#####....
## #..####.....
#..#...........
#........#....
##....5h.# .
##...@h.#
##...h......
#.....(....
#..##....... ###
....... .......
#..###. .##


You could see a hound, an ufetubus and 2 jackals.

Vanquished Creatures
  A wyvern (D:5)
  A black bear (D:4)
  An ogre (D:5)
  A scorpion (D:5)
  A hound (D:6)
  Crazy Yiuf (D:2)
  A gnoll bouda (D:6)
  Terence (D:3)
  An iguana (D:4)
  Robin (D:2)
  8 adders
  A gnoll (D:6)
  2 shadow imps
  3 ufetubi
  3 worms
  An orc (D:2)
  5 endoplasms
  14 giant cockroaches
  10 goblins
  6 hobgoblins
  4 jackals (D:2)
  7 quokkas
  10 ball pythons
  A bat (D:2)
  5 frilled lizards
  5 kobolds
  4 rats (D:1)
99 creatures vanquished.

Notes
Turn   | Place    | Note
-------+----------+-------------------------------------------
     0 | D:1      | Hubris850 the Gnoll Cinder Acolyte began the quest for the
                  | Orb.
     0 | D:1      | Reached XP level 1. HP: 23/23 MP: 4/4
   125 | D:1      | Found a faded altar of an unknown god.
   185 | D:1      | Reached XP level 2. HP: 25/29 MP: 5/5
   997 | D:2      | Learned a level 2 spell: Scorch
  1098 | D:2      | Reached XP level 3. HP: 26/35 MP: 4/7
  1105 | D:2      | Reached skill level 1 in Invocations
  1290 | D:2      | Reached skill level 1 in Short Blades
  1290 | D:2      | Reached skill level 1 in Axes
  1290 | D:2      | Reached skill level 1 in Maces & Flails
  1290 | D:2      | Reached skill level 1 in Polearms
  1290 | D:2      | Reached skill level 1 in Staves
  1290 | D:2      | Reached skill level 1 in Ranged Weapons
  1290 | D:2      | Reached skill level 1 in Throwing
  1290 | D:2      | Reached skill level 1 in Armour
  1290 | D:2      | Reached skill level 1 in Dodging
  1290 | D:2      | Reached skill level 1 in Stealth
  1290 | D:2      | Reached skill level 1 in Shields
  1290 | D:2      | Reached skill level 1 in Unarmed Combat
  1290 | D:2      | Reached skill level 1 in Evocations
  1383 | D:2      | Reached XP level 4. HP: 29/41 MP: 3/8
  1454 | D:2      | Noticed Robin
  1476 | D:2      | Reached skill level 1 in Shapeshifting
  1650 | D:2      | Killed Robin
  1651 | D:2      | Reached skill level 1 in Conjurations
  1651 | D:2      | Reached skill level 1 in Hexes
  1651 | D:2      | Reached skill level 1 in Summonings
  1651 | D:2      | Reached skill level 1 in Necromancy
  1651 | D:2      | Reached skill level 1 in Translocations
  1651 | D:2      | Reached skill level 1 in Transmutations
  1651 | D:2      | Reached skill level 1 in Ice Magic
  1651 | D:2      | Reached skill level 1 in Air Magic
  1651 | D:2      | Reached skill level 1 in Earth Magic
  1651 | D:2      | Reached skill level 1 in Poison Magic
  1986 | D:2      | Reached XP level 5. HP: 34/47 MP: 9/9
  2272 | D:2      | Found a runed translucent door.
  2273 | D:2      | Noticed Crazy Yiuf
  2320 | D:2      | Killed Crazy Yiuf
  2362 | D:2      | Identified the +1 hammer of Autumn {venom, rElec rC++ Int+3
                  | Stlth-}
  2749 | D:3      | Noticed Terence
  2756 | D:3      | Killed Terence
  3301 | D:4      | Reached XP level 6. HP: 39/53 MP: 9/11
  3356 | D:4      | Noticed a black bear
  3379 | D:4      | Killed a black bear
  3399 | D:4      | Noticed Duvessa
  3399 | D:4      | Noticed Dowan
  3406 | D:5      | Entered Level 5 of the Dungeon
  3702 | D:5      | Found Puneb's Weapon Emporium.
  4130 | D:5      | Noticed a wyvern
  4134 | D:5      | Killed a wyvern
  4135 | D:5      | Reached XP level 7. HP: 15/60 MP: 3/12
  4446 | D:6      | HP: 2/60 [ufetubus (2)]
  4447 | D:6      | Slain by a hound

Illustrated notes

Levels and vault maps discovered:
D:1:      lightli_arrival_statue_moat, layout_basic,
          dreamdust_ecumenical_altar_grove, serial_co_window_serial,
          co_window_paths_b, co_window_corner_a, co_window_of_opportunity_a,
          co_window_paths_a, co_window_paths_b, co_window_of_opportunity_b,
          co_window_corner_b, co_window_paths_c, co_window_4corner_a,
          glass_columns_c, glass_columns_b, glass_columns_b,
          grunt_decor_one_mirror
D:2:      minmay_roachtagon, layout_loops_ring, nrook_mini_backslash,
          uniq_robin, uniq_crazy_yiuf_cottage
D:3:      layout_loops_ring, guppyfry_early_lair_pool, uniq_terence
D:4:      layout_rooms, nicolae_custom_books, uniq_duvessa
D:5:      layout_basic, serial_shops, nicolae_stop_n_shop_1, uniq_menkaure
D:6:      layout_cave_pools, serial_gnoll_camp, gnoll_camp_huts_basic,
          gnoll_camp_mini_basic, gnoll_camp_mini_hut, gnoll_camp_mini_sergeant,
          gnoll_camp_mini_hut, corexii_corridor_pit, hangedman_decor_points,
          grunt_decor_clamped, kennysheep_dice, uniq_jeremiah,
          uniq_blork_the_orc, uniq_pikel

Skill      XL: |  1  2  3  4  5  6  7 |
---------------+----------------------+-----
Invocations    | 1 2 3 |  3.0
Short Blades   | 1 2 |  2.7
Axes           | 1 2 |  2.7
Maces & Flails | 1 2 |  2.7
Polearms       | 1 2 |  2.7
Staves         | 1 2 |  2.7
Ranged Weapons | 1 2 |  2.7
Throwing       | 1 2 |  2.7
Armour         | 1 2 |  2.7
Dodging        | 1 2 |  2.7
Stealth        | 1 2 |  2.7
Shields        | 1 2 |  2.7
Unarmed Combat | 1 2 |  2.7
Evocations     | 1 2 |  2.7
Shapeshifting  | 1 2 |  2.4
Spellcasting   | 3 4 |  4.0
Conjurations   | 1 2 |  2.2
Hexes          | 1 2 |  2.2
Summonings     | 1 2 |  2.2
Necromancy     | 1 2 |  2.2
Translocations | 1 2 |  2.2
Transmutations | 1 2 |  2.2
Ice Magic      | 1 2 |  2.2
Air Magic      | 1 2 |  2.2
Earth Magic    | 1 2 |  2.2
Poison Magic   | 1 2 |  2.2
Fighting       | 7 |  7.1
Long Blades    | 7 |  7.1
Fire Magic     | |  5.9

Action                     |  1- 3 |  4- 6 |  7- 9 || total
---------------------------+-------+-------+-------++-------
  Melee: Falchion          |   124 |    84 |       ||   208
         Bite              |    10 |    20 |     2 ||    32
         Punch             |     1 |     1 |       ||     2
         Mace              |       |    82 |       ||    82
         Unarmed           |       |     2 |       ||     2
         Quarterstaff      |       |       |    19 ||    19
   Cast: Scorch            |     8 |    18 |     4 ||    30
  Evoke: Wand              |       |     1 |       ||     1
    Use: Potion            |       |     5 |       ||     5
         Scroll            |       |     3 |       ||     3
   Stab: Confused          |       |       |     1 ||     1
 Armour: Robe              |    60 |   125 |    46 ||   231
  Dodge: Dodged            |    52 |   123 |    74 ||   249
  Block: Buckler           |       |    26 |       ||    26

Table legend: (Time is in decaauts)
 A = Elapsed time spent in this place.
 B = Non-inter-level travel time spent in this place.
 C = Inter-level travel time spent in this place.
 D = Time resting spent in this place.
 E = Time spent auto-exploring this place.
 F = Levels seen in this place.
 G = Mean time per level.
                   A        B        C        D        E       F      G
               +--------+--------+--------+--------+--------+-----+--------+
         Total |   4449 |   4328 |    121 |    544 |   2939 |   6 |  741.5 |
       Dungeon |   4449 |   4328 |    121 |    544 |   2939 |   6 |  741.5 |
               +--------+--------+--------+--------+--------+-----+--------+

Top non-repeatable levels by time:
     D:2: 1386 daAuts
     D:5: 1015 daAuts
     D:1: 979 daAuts
     D:3: 781 daAuts
     D:4: 252 daAuts
     D:6: 33 daAuts
